 Dungeon Crawl Stone Soup version 0.29-a0-982-gaed3a0c8d8 (webtiles) character file.

Game seed: 9725789884089339929

1389 porpoise the Cleaver (level 9, -7/71 HPs)
             Began as a Formicid Gladiator on Aug 2, 2022.
             Mangled by an orc warrior
             ... wielding a +0 glaive
              (16 damage)
             ... on level 5 of the Dungeon.
             The game lasted 00:18:39 (5169 turns).

porpoise the Cleaver (Formicid Gladiator)           Turns: 5169, Time: 00:18:40

Health: -7/71      AC:  9    Str: 22    XL:     9   Next: 0%
Magic:  9/9        EV: 11    Int:  7    God:
Gold:   174        SH:  0    Dex: 17    Spells: 8/8 levels left

rFire   . . .      SeeInvis +   a - +1 war axe
rCold   . . .      Faith    .   (no shield)
rNeg    . . .      Spirit   .   i - +1 scale mail
rPois   .          Reflect  .   (helmet unavailable)
rElec   .          Harm     .   t - +0 cloak
rCorr   .          Rampage  .   y - +0 pair of gloves
Will    +....                   (no boots)
Stlth   ..........              (no amulet)
HPRegen 0.21/turn               k - ring of flight
MPRegen 0.11/turn               p - ring of willpower

@: flying
A: permanent stasis, dig shafts and tunnels, antennae 3, four strong arms
a: Dig, Shaft Self


You were on level 5 of the Dungeon.
You visited 1 branch of the dungeon, and saw 5 of its levels.
You also visited: Sewer.

You collected 174 gold pieces.

Inventory:

Hand Weapons
 a - a +1 war axe (weapon)
 b - a +2 dire flail of draining
 v - a +1 spectral club
 w - a +2 mace of holy wrath
Missiles
 c - 2 throwing nets
 d - a javelin (quivered)
Armour
 i - a +1 scale mail (worn)
 t - a +0 cloak (worn)
 x - a +2 leather armour of willpower
 y - a +0 pair of gloves (worn)
Jewellery
 k - a ring of flight (left hand)
 p - a ring of willpower (right hand)
Wands
 u - a wand of polymorph (9)
 A - a wand of flame (1)
Scrolls
 e - a scroll of fear {unknown}
 f - a scroll of butterflies {unknown}
 h - 3 scrolls of enchant armour
 n - a scroll of amnesia
Potions
 g - 2 potions of cancellation {unknown}
 j - a potion of might
 l - 2 potions of magic {unknown}
 m - 3 potions of curing
 q - a potion of resistance {unknown}
 s - 2 potions of brilliance {unknown}


   Skills:
 + Level 6.8 Fighting
 * Level 9.0 Axes
 - Level 2.0 Throwing
 - Level 2.7 Dodging


You had 8 spell levels left.
You didn't know any spells.
Your spell library contained the following spells:

 Spells                   Type           Power      Damage    Failure   Level
 Sandblast                Erth           0%         2d4       78%         1
 Passwall                 Tmut/Erth      0%         N/A       89%         2
 Conjure Flame            Conj/Fire      0%         6-21      98%         3
 Ignite Poison            Fire/Tmut/Pois 0%         N/A       98%         3
 Mephitic Cloud           Conj/Pois/Air  0%         N/A       98%         3
 Ozocubu's Armour         Ice            0%         N/A       98%         3
 Stone Arrow              Conj/Erth      0%         3d7       98%         3
 Hailstorm                Conj/Ice       0%         3d3       100%        4
 Ice Form                 Ice/Tmut       0%         N/A       100%        4
 Sticky Flame             Conj/Fire      0%         2d3       100%        4
 Freezing Cloud           Conj/Ice/Air   0%         6-21      100%        5
 Metabolic Englaciation   Hex/Ice        0%         N/A       100%        5
 Simulacrum               Ice/Necr       0%         N/A       100%        6


Dungeon Overview and Level Annotations

Branches:
Dungeon (5/15)              Sewer (visited)
 Temple: D:4-7

Altars:
Ashenzari
Dithmenos
Okawaru
Uskayaw
Xom


Innate Abilities, Weirdness & Mutations

You cannot be hasted, slowed, berserked, paralysed or teleported.
You can dig through walls and to a lower floor.
You have a pair of large antennae on your head. (SInv)
Your four strong arms can wield two-handed weapons with a shield.


Message History

You hit the unseen horror.
The unseen horror is severely wounded.
The unseen horror hits you! The unseen horror barely misses you.
You hit the unseen horror.
The unseen horror is almost dead.
The unseen horror misses you.
You hit the unseen horror but do no damage.
The unseen horror is almost dead.
The unseen horror misses you.
The unseen horror hits you but does no damage.
The unseen horror hits you.
* * * LOW HITPOINT WARNING * * *
An orc warrior comes into view. It is wielding a +0 glaive.
There is a large open door, spattered with blood here.
You see here a +0 giant club.
The orc warrior shouts!
The unseen horror hits you but does no damage.
You hit the unseen horror.
The unseen horror is almost dead.
The unseen horror closely misses you.
You slash the unseen horror!
You kill the unseen horror!
Your Axes skill increases to level 9!
You have reached level 9!
Your experience leads to an increase in your attributes!
Increase (S)trength, (I)ntelligence, or (D)exterity?
You feel agile. x2
There is a large open door, spattered with blood here.
You see here a +0 giant club.
There is an open door here.
You start resting.
An orc warrior is nearby!
You are too injured to fight recklessly!
The orc warrior hits you with a +0 glaive!!
* * * LOW HITPOINT WARNING * * *
You hit the orc warrior.
The orc warrior is lightly wounded.
The orc warrior hits you with a +0 glaive!
You die...

#..###...## #..# #..#
#...#############.##
..####....#.....#....o.#
###≈≈##...#.....'....###
≈≈≈≈≈≈#...#.....#....#
###≈≈##...#.....#....#
≈≈##÷#...<####.##################
≈.≈#≈#....####.##...##...........
≈≈≈#≈#.........o@......>..♣≈.♣♣##
≈≈##÷#.......?...........♣♣♣≈♣ #
###≈≈##...................♣≈.♣ #
≈≈≈≈≈≈#.....##..........♣.♣≈.♣
###≈≈##.....##........♣♣♣♣♣♣.♣♣♣♣
..####......#######.#.♣≈♣♣♣≈≈≈P≈♣
............##...####..≈.≈.≈≈.≈.≈
PP.PPP............# ##♣≈♣♣.≈≈≈♣♣.
.....P.[....##....# ♣♣♣♣♣♣≈.♣♣♣


You could see an orc warrior.

Vanquished Creatures
  An unseen horror (D:5)
  Sigmund (D:3)
  Edmund (D:5)
  An ice beast (D:5)
  2 ogres
  A necrophage (D:5)
  A scorpion (D:5)
  4 jellies (Sewer)
  2 hounds (D:4)
  Ijyb (D:3)
  2 iguanas
  Robin (D:2)
  3 gnolls (D:3)
  A river rat (Sewer)
  3 adders
  3 worms
  A dart slug (D:1)
  An orc (D:4)
  12 ball pythons
  4 bats
  13 endoplasms
  13 giant cockroaches
  20 goblins
  5 hobgoblins
  A jackal (D:2)
  2 kobolds
  6 quokkas
  6 frilled lizards
  15 rats
127 creatures vanquished.

Vanquished Creatures (others)
  An endoplasm (D:3)
1 creature vanquished.

Grand Total: 128 creatures vanquished

Notes
Turn   | Place    | Note
-------+----------+-------------------------------------------
     0 | D:1      | porpoise the Formicid Gladiator began the quest for the
                  | Orb.
     0 | D:1      | Reached XP level 1. HP: 16/16 MP: 1/1
   230 | D:1      | Reached XP level 2. HP: 18/23 MP: 2/2
   601 | D:1      | Reached XP level 3. HP: 26/28 MP: 3/3
   994 | D:2      | Found a shimmering altar of Xom.
  1044 | D:2      | Noticed Robin
  1049 | D:2      | Killed Robin
  1050 | D:2      | Reached skill level 4 in Axes
  1054 | D:2      | Reached XP level 4. HP: 32/35 MP: 4/4
  2089 | D:3      | Found a hide-covered altar of Uskayaw.
  2138 | D:3      | Noticed Ijyb
  2151 | D:3      | Killed Ijyb
  2152 | D:3      | Reached XP level 5. HP: 41/41 MP: 5/5
  2654 | D:3      | Noticed Sigmund
  2665 | D:3      | Killed Sigmund
  2666 | D:3      | Reached skill level 5 in Axes
  2666 | D:3      | Reached XP level 6. HP: 31/49 MP: 6/6
  3172 | D:4      | Reached skill level 6 in Axes
  3204 | D:4      | Noticed an ogre
  3212 | D:4      | Killed an ogre
  3213 | D:4      | Reached XP level 7. HP: 55/55 MP: 7/7
  3657 | D:4      | Reached skill level 5 in Fighting
  3811 | D:4      | Found a shadowy altar of Dithmenos.
  3816 | D:4      | Found an iron altar of Okawaru.
  3830 | D:4      | Found a broken altar of Ashenzari.
  4095 | D:5      | Entered Level 5 of the Dungeon
  4139 | D:5      | Noticed Edmund
  4141 | D:5      | Reached skill level 7 in Axes
  4148 | D:5      | Killed Edmund
  4149 | D:5      | Reached XP level 8. HP: 54/63 MP: 8/8
  4274 | D:5      | Found a glowing drain.
  4283 | Sewer    | Entered a sewer
  4795 | Sewer    | Found a viscous altar of Jiyva.
  4867 | Sewer    | Reached skill level 8 in Axes
  5108 | D:5      | Noticed an unseen horror
  5147 | D:5      | Killed an unseen horror
  5148 | D:5      | Reached skill level 9 in Axes
  5148 | D:5      | Reached XP level 9. HP: 23/71 MP: 9/9
  5169 | D:5      | Mangled by an orc warrior

Illustrated notes

Levels and vault maps discovered:
D:1:      evilmike_arrival_plus, layout_basic, minmay_misc_feat_cross
D:2:      minmay_chambers_of_ones, layout_basic, basic_altar, uniq_robin
D:3:      layout_loops_corners, mainiacjoe_overflow_alcove_4,
          chequers_serial_rivers_micro_c, lemuel_flame_loot_1, uniq_ijyb,
          uniq_sigmund
D:4:      layout_loops_ring, minmay_overflow_temple_star_quad
D:5:      kennysheep_big_flooded_room, layout_gridville,
          mainiacjoe_overflow_24_doors, gup_sewer_entry_bubbles,
          minmay_hedge_maze, serial_bayou_crossing, uniq_edmund

Skill      XL: |  1  2  3  4  5  6  7  8 |
---------------+-------------------------+-----
Fighting       | 3 4 5 6 |  6.8
Axes           | 4 5 6 7 9 |  9.0
Throwing       | |  2.0
Dodging        | |  2.7

Action                   |  1- 3 |  4- 6 |  7- 9 || total
-------------------------+-------+-------+-------++-------
Melee: War axe           |    66 |   137 |   164 ||   367
       Punch             |     1 |       |     4 ||     5
Throw: Throwing net      |       |     3 |       ||     3
       Javelin           |       |       |     1 ||     1
Evoke: Wand              |       |     4 |     3 ||     7
  Use: Scroll            |     1 |       |    11 ||    12
       Potion            |       |       |     1 ||     1
 Stab: Held in net/web   |       |     1 |       ||     1
Armor: Scale mail        |    22 |    50 |    45 ||   117
       Leather armour    |     1 |       |       ||     1
Dodge: Dodged            |    30 |    90 |    69 ||   189

Table legend: (Time is in decaauts)
 A = Elapsed time spent in this place.
 B = Non-inter-level travel time spent in this place.
 C = Inter-level travel time spent in this place.
 D = Time resting spent in this place.
 E = Time spent auto-exploring this place.
 F = Levels seen in this place.
 G = Mean time per level.
                   A        B        C        D        E       F      G
               +--------+--------+--------+--------+--------+-----+--------+
         Total |   5247 |   5091 |    156 |   1137 |   2710 |   6 |  874.5 |
       Dungeon |   4629 |   4473 |    156 |    804 |   2669 |   5 |  925.8 |
         Sewer |    618 |    618 |      0 |    333 |     41 |   1 |  618.0 |
               +--------+--------+--------+--------+--------+-----+--------+

Top non-repeatable levels by time:
     D:2: 1233 daAuts
     D:3: 1061 daAuts
     D:4: 1030 daAuts
     D:1: 845 daAuts
   Sewer: 618 daAuts
     D:5: 458 daAuts
